 Dungeon Crawl Stone Soup version 0.30-a0-377-g5cb311bc9f (webtiles) character file.

Game seed: 10915990701324564386

105364 retardedninja the Severer (level 16, -23/156 HPs)
             Began as a Hill Orc Fighter on Nov 29, 2022.
             Was an Initiate of Gozag.
             Annihilated by an alligator simulacrum (24 damage)
             ... in an ice cave.
             The game lasted 00:56:59 (34246 turns).

retardedninja the Severer (Hill Orc Fighter)       Turns: 34246, Time: 00:57:00

Health: -23/156    AC: 40    Str: 36    XL:     16   Next: 41%
Magic:  0/16       EV:  3    Int: 19    God:    Gozag
Gold:   1885       SH: 20    Dex: 12    Spells: 15/15 levels left

rFire   + . .      SeeInvis .    l - +4 war axe
rCold   . . .      Faith    .    c - +1 tower shield
rNeg    . . .      Spirit   +    d - +6 crystal plate armour of the Shining Light {Contam rElec rF+ Int+5}
rPois   +          Reflect  .    D - +1 hat
rElec   +          Harm     .    F - +1 cloak
rCorr   .          Rampage  .    n - +1 pair of gloves
Will    +....                    C - +0 pair of boots
Stlth   ..........               O - amulet of guardian spirit
HPRegen 0.46/turn                g - ring of Niasuahi {rPois Str+3 Int+6}
MPRegen 0.15/turn                L - +6 ring of strength

@: gold aura, slowed, constricted, very slow
A: iridescent scales 1, thin skeletal structure 1
a: Renounce Religion, Potion Petition, Call Merchant, Bribe Branch


You were in an ice cave.
You worshipped Gozag.
Gozag was most pleased with you.
You visited 5 branches of the dungeon, and saw 25 of its levels.
You also visited: Ice Cave.

You collected 5094 gold pieces.
You spent 186 gold pieces at shops.
You paid 3023 gold pieces to Gozag.

Inventory:

Hand Weapons
 l - a +4 war axe (weapon)
Missiles
 m - 2 throwing nets (quivered)
Armour
 c - a +1 tower shield (worn)
 d - the +6 crystal plate armour of the Shining Light (worn) {Contam rElec rF+ Int+5}
   (You acquired it on level 7 of the Dungeon)

   Int:       It affects your intelligence (+5).
   rF:        It protects you from fire.
   rElec:     It insulates you from electricity.
   Contam:    It causes magical contamination when unequipped.
 n - a +1 pair of gloves (worn)
 C - a +0 pair of boots (worn)
 D - a +1 hat (worn)
 F - a +1 cloak (worn)
Jewellery
 g - the ring of Niasuahi (left hand) {rPois Str+3 Int+6}
   (You acquired it on level 7 of the Dungeon)

   [ring of intelligence]

   Str:       It affects your strength (+3).
   Int:       It affects your intelligence (+6).
   rPois:     It protects you from poison.
 p - a ring of resist corrosion
 v - a ring of willpower
 w - a ring of poison resistance
 L - a +6 ring of strength (right hand)
 O - an amulet of guardian spirit (around neck)
Wands
 i - a wand of iceblast (13)
 k - a wand of polymorph (13)
 o - a wand of flame (40)
 z - a wand of quicksilver (19)
 I - a wand of digging (1)
 J - a wand of charming (28)
Scrolls
 e - a scroll of immolation
 f - 7 scrolls of magic mapping
 q - 8 scrolls of identify
 t - 9 scrolls of teleportation
 x - 6 scrolls of amnesia
 y - a scroll of poison
 B - 2 scrolls of torment
Potions
 a - 2 potions of resistance
 b - a potion of heal wounds
 h - 6 potions of curing
 j - 2 potions of cancellation
 r - 2 potions of lignification
 u - 8 potions of brilliance
 A - 3 potions of flight
 E - 2 potions of magic


   Skills:
 + Level 17.6 Fighting
 + Level 18.8 Axes
 + Level 0.4 Throwing
 + Level 16.2 Armour
 + Level 0.2 Dodging
 - Level 16.2 Shields
 + Level 0.5 Evocations


You had 15 spell levels left.
You didn't know any spells.
Your spell library contained the following spells:

 Spells                   Type           Power      Damage    Failure   Level
 Sandblast                Erth           0%         2d4       99%         1
 Shock                    Conj/Air       0%         1d3       99%         1
 Slow                     Hex            0%         N/A       99%         1
 Passwall                 Tmut/Erth      0%         N/A       100%        2
 Confusing Touch          Hex            0%         N/A       100%        3
 Inner Flame              Hex/Fire       0%         N/A       100%        3
 Kindle Blastsparks       Fire/Tloc/Air  0%         2d10      100%        3
 Stone Arrow              Conj/Erth      0%         3d7       100%        3
 Swiftness                Air            0%         N/A       100%        3
 Vampiric Draining        Necr           0%         2d6       100%        3
 Airstrike                Air            0%         2d(0-16)  100%        4
 Cause Fear               Hex            0%         N/A       100%        4
 Fulminant Prism          Conj/Hex       0%         3d5       100%        4
 Iskenderun's Mystic Bla  Conj/Tloc      0%         2d3       100%        4
 Borgnjor's Vile Clutch   Necr/Erth      0%         N/A       100%        5
 Lee's Rapid Deconstruct  Erth           0%         3d4*      100%        5
 Death Channel            Necr           0%         N/A       100%        6
 Discord                  Hex            0%         N/A       100%        8
 Animate Dead             Necr           Unusable   N/A       N/A         4

Dungeon Overview and Level Annotations

Branches:
Dungeon (15/15)            Temple (1/1) D:5            Lair (5/5) D:11
  Swamp (2/4) Lair:3        Snake (0/4) Lair:2        Slime (0/5) Lair:5
    Orc (2/2) D:12            Elf (0/3) Orc:2        Vaults (0/5) D:13
  IceCv (1/1)
 Depths: D:15

Altars:
Ashenzari
Cheibriados
Elyvilon
Fedhas
Gozag
Hepliaklqana
Kikubaaqudgha
Nemelex Xobeh
Okawaru
Ru
Sif Muna
Trog
Uskayaw
Vehumet
Wu Jian
Xom
Zin
The Shining One
Jiyva

Shops:
D:4 (   D:10 [   Orc:2 *=:?[

Annotations:
D:10 3 runed translucent doors, FalseProphet's ghost, journeyman DsGl


Innate Abilities, Weirdness & Mutations

You are partially covered in iridescent scales. (AC +2)
You have a somewhat thin skeletal structure. (Dex +2, Stealth+)


Message History

You are too injured to fight recklessly!
Unknown command.
You are too injured to fight recklessly!
Unknown command.
You are too injured to fight recklessly!
You feel much better. The anaconda simulacrum grabs you.
You block the anaconda simulacrum's attack.
The anaconda simulacrum constricts you.
The golden dragon simulacrum is distracted by your dazzling golden aura.
You block the six-headed hydra simulacrum's attack.
The six-headed hydra simulacrum bites you but does no damage.
You block the six-headed hydra simulacrum's attack.
The six-headed hydra simulacrum bites you but does no damage.
You block the six-headed hydra simulacrum's attack.
The six-headed hydra simulacrum bites you but does no damage.
The white very ugly thing bites you!
The white very ugly thing freezes you!!!
* * * LOW HITPOINT WARNING * * *
The anaconda simulacrum barely misses you.
The anaconda simulacrum constricts you.
You block the alligator simulacrum's attack.
The alligator simulacrum tail-slaps you but does no damage.
The anaconda simulacrum's grasp on you weakens, but your attempt to escape fails.
The anaconda simulacrum bites you!
* * * LOW HITPOINT WARNING * * *
The anaconda simulacrum freezes you!!
* * * LOW HITPOINT WARNING * * *
The anaconda simulacrum constricts you.
The white very ugly thing bites you but does no damage.
You block the anaconda simulacrum's attack.
The anaconda simulacrum constricts you.
* * * LOW HITPOINT WARNING * * *
You block the six-headed hydra simulacrum's attack.
The six-headed hydra simulacrum bites you but does no damage. x3
You block the six-headed hydra simulacrum's attack. x2
The alligator simulacrum bites you.
* * * LOW HITPOINT WARNING * * *
The alligator simulacrum freezes you!!
You die...
Your body crumbles into a pile of gold.

#######
##..∩..##
##...∩.Z.##
#....°@Z..#
#....ZZuZ...#
#....Z.Z....#
#...........#
#.............#
#....8...8....#
#......(......#
##....?):....##
$ $


You could see a white very ugly thing, an anaconda simulacrum, an alligator
simulacrum, a six-headed hydra simulacrum, a dire elephant simulacrum, 2 golden
dragon simulacra and a harpy simulacrum.

Vanquished Creatures
  Jorgrun (D:12)
  Rupert (D:11)
  2 orc warlords (Orc:2)
  Azrael (D:11)
  3 eleionomae (Swamp:1)
  A bunyip (Swamp:1)
  An ettin (D:14)
  Josephine (Orc:1)
  Harold (D:9)
  Fannar (D:11)
  6 hydras
  Erolcha (D:11)
  3 centaur warriors
  A ghost crab (Swamp:1)
  An ogre mage (D:15)
  5 two-headed ogres
  Erica (D:11)
  3 boulder beetles
  7 death yaks
  3 alligators (Swamp:1)
  6 tengu warriors
  An orc high priest (Orc:2)
  Urug (D:11)
  Nergalle (D:10)
  3 goliath frogs (Swamp:1)
  Lodul (D:11)
  3 bog bodies
  A lindwurm (Lair:4)
  A lindwurm (shapeshifter) (D:14)
  3 swamp dragons (Swamp:1)
  3 oklob plants
  8 ugly things
  3 deep elf pyromancers (D:13)
  A deep elf zephyrmancer (D:13)
  A cyclops (D:14)
  A will-o-the-wisp (Swamp:1)
  A manticore (D:14)
  7 orc sorcerers
  9 black mambas
  Maurice (D:9)
  4 elephants
  Maggie (Lair:2)
  A torpor snail (Lair:3)
  10 cane toads
  A kobold demonologist (D:9)
  4 rime drakes
  12 komodo dragons
  Psyche (D:11)
  A tengu conjurer (D:14)
  An anaconda simulacrum (IceCv)
  A polar bear (shapeshifter) (D:13)
  3 trolls
  4 tyrant leeches (Swamp:1)
  14 polar bears
  3 hornets
  16 slime creatures
  14 blink frogs
  7 dream sheep (Lair:2)
  7 wyverns
  4 vampires
  2 spriggans (Swamp:1)
  A yak (shapeshifter) (D:14)
  2 fire elementals (D:11)
  8 wraiths
  48 yaks
  A basilisk (D:11)
  24 vampire mosquitoes
  Edmund (D:5)
  5 swamp worms
  5 wargs
  19 hell hounds
  2 swamp drakes (Swamp:1)
  14 black bears
  31 orc warriors
  14 water moccasins
  An ice beast (D:6)
  14 ogres
  18 wolves
  5 centaurs
  2 phantoms
  4 kobold brigands
  Blork the orc (D:4)
  8 bullfrogs
  2 gnoll sergeants
  2 necrophages (D:6)
  A scorpion (D:7)
  8 wights
  8 killer bees (D:9)
  An electric eel (Lair:3)
  7 howler monkeys
  3 hounds
  A jelly (D:5)
  21 orc priests
  2 gnoll boudas
  Jessica (D:3)
  Natasha (thrice) (D:3)
  4 iguanas
  39 orc wizards
  13 gnolls
  3 adders
  3 white imps
  An ufetubus (D:5)
  2 worms (D:2)
  3 dart slugs
  88 orcs
  7 endoplasms
  2 goblins
  7 hobgoblins
  11 jackals (D:3)
  42 kobolds
  5 quokkas
  5 ball pythons
  4 bats
  A frilled lizard (D:1)
  7 rats
746 creatures vanquished.

Vanquished Creatures (others)
  2 orc priests
  2 gnolls
  3 orcs
  10 foxfires (Swamp:1)
  16 fungi
  55 plants
88 creatures vanquished.

Grand Total: 834 creatures vanquished

Notes
Turn   | Place    | Note
-------+----------+-------------------------------------------
     0 | D:1      | retardedninja the Hill Orc Fighter began the quest for the
                  | Orb.
     0 | D:1      | Reached XP level 1. HP: 19/19 MP: 1/1
   115 | D:1      | Reached XP level 2. HP: 27/27 MP: 2/2
   122 | D:1      | Reached skill level 3 in Axes
   961 | D:2      | Reached XP level 3. HP: 25/33 MP: 3/3
  1914 | D:3      | Reached XP level 4. HP: 41/41 MP: 4/4
  1965 | D:3      | Reached skill level 4 in Axes
  1965 | D:3      | Reached XP level 5. HP: 29/47 MP: 5/5
  1975 | D:3      | HP: 2/47 [gnoll/+0 spear[a gnoll bouda] (3)]
  2668 | D:3      | Noticed Jessica
  2674 | D:3      | Killed Jessica
  2727 | D:3      | Noticed Natasha
  2733 | D:3      | Killed Natasha
  2734 | D:3      | Reached XP level 6. HP: 55/55 MP: 6/6
  2749 | D:3      | Reached skill level 5 in Fighting
  3163 | D:4      | Reached skill level 5 in Axes
  3262 | D:4      | Noticed Blork the orc
  3272 | D:3      | Noticed Natasha
  3277 | D:3      | Killed Natasha
  3394 | D:3      | Noticed Natasha
  3402 | D:3      | Killed Natasha
  3416 | D:4      | Reached skill level 5 in Armour
  3416 | D:4      | Reached skill level 5 in Shields
  3416 | D:4      | Reached XP level 7. HP: 61/61 MP: 7/7
  3431 | D:4      | Killed Blork the orc
  3465 | D:4      | Found Ucaqaute's Antique Weapon Emporium.
  3620 | D:4      | Reached skill level 6 in Axes
  3758 | D:4      | Found a glowing golden altar of the Shining One.
  3973 | D:5      | Entered Level 5 of the Dungeon
  3973 | D:5      | Found an ancient bone altar of Kikubaaqudgha.
  4414 | D:5      | Reached XP level 8. HP: 37/71 MP: 8/8
  4755 | D:5      | Found a staircase to the Ecumenical Temple.
  4986 | D:5      | Noticed Edmund
  5012 | D:5      | Killed Edmund
  5234 | D:5      | Reached skill level 7 in Axes
  5705 | D:5      | Found a sacrificial altar of Ru.
  6751 | D:6      | Reached XP level 9. HP: 50/80 MP: 9/9
  7225 | D:6      | Found a radiant altar of Vehumet.
  7592 | D:7      | Reached skill level 8 in Axes
  8790 | D:7      | Reached skill level 9 in Axes
  9324 | D:7      | Identified 2 scrolls of acquirement
  9324 | D:7      | Acquired the +6 crystal plate armour of the Shining Light
                  | {Contam rElec rF+ Int+5}
  9326 | D:7      | Acquired the ring of Niasuahi {rPois Str+3 Int+6}
  9466 | D:8      | Reached XP level 10. HP: 91/91 MP: 10/10
 10319 | D:9      | Noticed Harold
 10607 | D:9      | Noticed a kobold demonologist
 10608 | D:9      | Killed Harold
 10609 | D:9      | Reached skill level 10 in Axes
 10619 | D:9      | Killed a kobold demonologist
 10934 | D:9      | Noticed Maurice
 11016 | D:9      | Killed Maurice
 11017 | D:9      | Reached skill level 10 in Fighting
 11349 | D:9      | Found an ornate altar of the Wu Jian Council.
 11412 | D:9      | Found a snail-covered altar of Cheibriados.
 11623 | D:10     | Entered Level 10 of the Dungeon
 11826 | D:10     | Found a broken altar of Ashenzari.
 11854 | D:10     | Found Rucruxukox's Armour Shoppe.
 11861 | D:10     | Bought a +0 pair of boots for 54 gold pieces
 11861 | D:10     | Bought a +1 hat for 132 gold pieces
 11899 | D:10     | Noticed Nergalle
 11905 | D:10     | Killed Nergalle
 11906 | D:10     | Reached skill level 11 in Axes
 11906 | D:10     | Reached XP level 11. HP: 101/101 MP: 11/11
 11970 | D:10     | Noticed a wizard
 11972 | D:10     | Found a runed translucent gate.
 11972 | D:10     | Found a runed translucent gate.
 11972 | D:10     | Found a runed translucent gate.
 11972 | D:10     | Noticed a cyclops
 11973 | D:10     | Noticed FalseProphet's ghost (journeyman DsGl)
 11973 | D:10     | Noticed a two-headed ogre
 12065 | D:10     | Found a glowing silver altar of Zin.
 12465 | D:11     | Noticed Erica
 12492 | D:11     | Killed Erica
 12493 | D:11     | Reached skill level 10 in Armour
 12493 | D:11     | Reached skill level 10 in Shields
 12971 | D:11     | Noticed Lodul
 12989 | D:11     | Killed Lodul
 12990 | D:11     | Reached skill level 12 in Axes
 13023 | D:11     | Noticed Fannar
 13040 | D:11     | Killed Fannar
 13093 | D:11     | Found a staircase to the Lair.
 13093 | D:11     | Noticed an oklob plant
 13107 | D:11     | Killed an oklob plant
 13151 | D:11     | Identified the +4 hand axe of Action {flame, Will+ Dex+3}
 13288 | D:11     | Noticed Erolcha
 13300 | D:11     | Killed Erolcha
 13627 | D:11     | Noticed Urug
 13633 | D:11     | Killed Urug
 13733 | D:12     | Noticed a purple ugly thing
 13735 | D:12     | Noticed Rupert
 13736 | D:12     | Noticed Psyche
 13742 | D:12     | Noticed Azrael
 13747 | D:11     | Killed Psyche
 13748 | D:11     | Reached XP level 12. HP: 95/112 MP: 12/12
 13900 | Lair:1   | Entered Level 1 of the Lair of Beasts
 13964 | Lair:1   | Reached skill level 13 in Axes
 14447 | Lair:1   | Identified the +0 robe of the Bulwark {rPois Dex+2}
 14703 | Lair:2   | Noticed Maggie
 14731 | Lair:2   | Killed Maggie
 14852 | Lair:2   | Reached skill level 14 in Axes
 14904 | Lair:2   | Found a staircase to the Snake Pit.
 15077 | Lair:2   | Noticed a six-headed hydra
 15578 | Lair:2   | Reached XP level 13. HP: 81/122 MP: 13/13
 17428 | Lair:3   | Reached skill level 15 in Axes
 17810 | Lair:3   | Found a staircase to the Swamp.
 18574 | Lair:4   | Reached XP level 14. HP: 133/133 MP: 14/14
 19263 | Lair:5   | Entered Level 5 of the Lair of Beasts
 19463 | Lair:5   | Reached skill level 15 in Fighting
 19471 | Lair:5   | Reached skill level 16 in Axes
 20939 | Temple   | Entered the Ecumenical Temple
 20947 | Temple   | Became a worshipper of Gozag Ym Sagoz the Greedy
 21239 | Lair:5   | Found a staircase to the Slime Pits.
 21239 | Lair:5   | Found a viscous altar of Jiyva.
 21828 | Lair:5   | Found a shimmering altar of Xom.
 23668 | D:11     | Paralysed by Rupert for 4 turns
 23680 | D:11     | Paralysed by Rupert for 3 turns
 23690 | D:11     | Killed Rupert
 23908 | D:12     | Noticed Jorgrun
 24247 | D:11     | Killed Azrael
 24303 | D:12     | HP: 5/136 [constriction (7)]
 24305 | D:12     | Killed Jorgrun
 24306 | D:12     | Reached skill level 17 in Axes
 24306 | D:12     | Reached XP level 15. HP: 6/143 MP: 1/15
 25313 | D:12     | Found a staircase to the Orcish Mines.
 25983 | D:13     | Found a gate to the Vaults.
 26483 | D:13     | Reached skill level 15 in Armour
 26609 | Orc:1    | Entered Level 1 of the Orcish Mines
 26617 | Orc:1    | Noticed Josephine
 26627 | Orc:1    | Reached skill level 15 in Shields
 26627 | Orc:1    | Paralysed by an orc sorcerer for 3 turns
 26651 | Orc:1    | Paralysed by an orc sorcerer for 3 turns
 26657 | Orc:1    | Killed Josephine
 27205 | Orc:2    | Entered Level 2 of the Orcish Mines
 27328 | Orc:2    | Found a staircase to the Elven Halls.
 27475 | Orc:2    | Noticed an orc warlord
 27504 | Orc:2    | Killed an orc warlord
 28064 | Orc:2    | Found Rodghid's Assorted Antiques.
 28095 | Orc:2    | Noticed an orc warlord
 28129 | Orc:2    | Killed an orc warlord
 28454 | Orc:2    | Paralysed by an orc sorcerer for 4 turns
 29416 | Orc:2    | Found Imyli Xudoy's Book Shoppe.
 29416 | Orc:2    | Found Xuasac's Antique Armour Emporium.
 29423 | Orc:2    | Found Muluv's Jewellery Shoppe.
 29423 | Orc:2    | Found Liob's Magic Scroll Emporium.
 29725 | Orc:2    | Gained mutation: You have an increased reservoir of magic.
                  | (+10% MP) [potion of mutation]
 29726 | Orc:2    | Lost mutation: You have an increased reservoir of magic.
                  | (+10% MP) [potion of mutation]
 29726 | Orc:2    | Gained mutation: Your magical capacity is low. (-10% MP)
                  | [potion of mutation]
 29726 | Orc:2    | Gained mutation: You do not regenerate when monsters are
                  | visible. [potion of mutation]
 29727 | Orc:2    | Lost mutation: Your magical capacity is low. (-10% MP)
                  | [potion of mutation]
 29727 | Orc:2    | Lost mutation: You do not regenerate when monsters are
                  | visible. [potion of mutation]
 29727 | Orc:2    | Gained mutation: Your body sometimes deteriorates upon
                  | taking damage. [potion of mutation]
 29728 | Orc:2    | Lost mutation: Your body sometimes deteriorates upon taking
                  | damage. [potion of mutation]
 29728 | Orc:2    | Gained mutation: You have a somewhat thin skeletal
                  | structure. (Dex +2, Stealth+) [potion of mutation]
 29728 | Orc:2    | Gained mutation: Your mind is acute. (Int +4, Str/Dex -1)
                  | [potion of mutation]
 29728 | Orc:2    | Lost mutation: Your mind is acute. (Int +4, Str/Dex -1)
                  | [potion of mutation]
 29728 | Orc:2    | Gained mutation: You are partially covered in iridescent
                  | scales. (AC +2) [potion of mutation]
 30210 | D:14     | Reached skill level 18 in Axes
 31336 | D:15     | Entered Level 15 of the Dungeon
 31349 | D:15     | Paralysed by an ogre mage for 5 turns
 31364 | D:15     | Identified the +3 robe "Pure" {Str+4}
 32215 | D:14     | Reached XP level 16. HP: 119/154 MP: 11/16
 32606 | Swamp:1  | Entered Level 1 of the Swamp
 34165 | Swamp:2  | Found a frozen archway.
 34240 | IceCv    | Entered an ice cave
 34246 | IceCv    | HP: 4/156 [anaconda simulacrum (25)]
 34246 | IceCv    | HP: 1/156 [alligator simulacrum (2)]
 34246 | IceCv    | Annihilated by an alligator simulacrum

Illustrated notes

Levels and vault maps discovered:
D:1:      kennysheep_arrival_seaside, layout_basic
D:2:      layout_loops_corners
D:3:      layout_loops_cross, minmay_fountain_box, uniq_jessica, uniq_natasha
D:4:      layout_basic, tso_metal_star, serial_shops,
          nicolae_shop_overgrown_old_shop, uniq_blork_the_orc
D:5:      kennysheep_kobold_camp, layout_layer_cave,
          mainiacjoe_overflow_chevrons, lemuel_doored_altar,
          minmay_temple_entry_statues, serial_rivers,
          chequers_serial_rivers_large_b, chequers_serial_rivers_micro_a,
          chequers_serial_rivers_small_3, chequers_serial_rivers_micro_d,
          chequers_serial_rivers_small_3, minmay_misc_feat_enclosed, uniq_edmund
D:6:      layout_basic, mainiacjoe_overflow_catwalk
D:7:      layout_gridville
D:8:      layout_basic, kennysheep_generic_room_11
D:9:      layout_rooms, nicolae_wu_jian_immortal_techniques,
          mainiacjoe_overflow_surrounded_room, uniq_maurice, uniq_harold
D:10:     layout_roguey, zin_scriptorium, nicolae_ashenzari_panopticon,
          serial_shops, nicolae_shop_statue_plus, gammafunk_ghost_split,
          uniq_nergalle
D:11:     layout_basic, dpeg_oklobed_lair, uniq_erolcha, uniq_fannar, uniq_urug,
          uniq_lodul, uniq_erica
D:12:     layout_big_octagon, hiddenorc1_lemuel, uniq_jorgrun, uniq_azrael,
          uniq_psyche, uniq_rupert
D:13:     layout_basic, david_vaults_1
D:14:     layout_long_grid, skrybe_limestone_x
D:15:     hangedman_depths_entry_civil_slaughter, layout_loops_ring,
          corexii_hall_statues_t, nicolae_shop_i_like_big_books
Temple:   eino_narrow_crystal_temple
Lair:1:   layout_concentric_octagons, infiniplex_staircase_pool
Lair:2:   nzn_winding_woodlands_stair_cross [nzn_winding_woodlands_5x15_garden,
          nzn_winding_woodlands_center_triple_pond,
          nzn_winding_woodlands_5x15_sawtooth,
          nzn_winding_woodlands_5x5_closed_star,
          nzn_winding_woodlands_5x5_three, nzn_winding_woodlands_5x15_pool,
          nzn_winding_woodlands_center_pierced_h,
          nzn_winding_woodlands_5x15_jagged], layout_regular_city,
          dummy_snake_entry, uniq_maggie
Lair:3:   layout_big_grid, nicolae_swamp_entry_splash_gauntlet,
          grunt_megastairs_5
Lair:4:   layout_roguey
Lair:5:   hangedman_lair_caniforms_friends, layout_cave_pods, slime_entry_1,
          basic_altar
Swamp:1:  layout_basic_swamp, nicolae_swamp_tree_designs, swamp_pool1
Swamp:2:  layout_falls_marsh, portal_ice_cave_entry_pillars_four,
          evilmike_swamp_ruin_house_5, swamp_pool4, nzn_swamp_dancing_lights
Orc:1:    layout_caves, uniq_josephine
Orc:2:    st_orc_mages, layout_diamond_mine, serial_shops, shop
IceCv:    ice_cave_statue_garden_transporter

Skill      XL: |  1  2  3  4  5  6  7  8  9 10 11 12 13 14 15 16 |
---------------+-------------------------------------------------+-----
Axes           | 3 4 5 6 7 9 11 12 14 15 17 18 | 18.8
Fighting       | 4 5 6 7 9 10 11 13 14 15 17 | 17.6
Armour         | 4 5 7 8 9 11 12 13 14 15 16 | 16.2
Shields        | 4 5 7 8 9 10 12 13 14 15 16 | 16.2
Throwing       | |  0.4
Dodging        | |  0.2
Evocations     | |  0.5

Action                   |  1- 3 |  4- 6 |  7- 9 | 10-12 | 13-15 | 16-18 || total
-------------------------+-------+-------+-------+-------+-------+-------++-------
Melee: War axe           |   105 |   116 |   381 |   534 |  1312 |   277 ||  2725
Throw: Throwing net      |       |       |       |       |     2 |       ||     2
Invok: Potion Petition   |       |       |       |       |     3 |     2 ||     5
Evoke: Wand              |       |       |       |       |     5 |     1 ||     6
  Use: Potion            |       |     3 |       |     5 |    22 |     5 ||    35
       Scroll            |       |       |    19 |    12 |    15 |     3 ||    49
 Stab: Invisible         |       |       |       |     2 |     3 |       ||     5
       Distracted        |       |       |       |       |     5 |       ||     5
       Fleeing           |       |       |       |       |     1 |       ||     1
Armor: Scale mail        |    40 |       |       |       |       |       ||    40
       Plate armour      |    12 |   111 |   284 |       |       |       ||   407
       Crystal plate arm |       |       |    20 |   467 |  1242 |   267 ||  1996
       Skin              |       |       |       |       |       |    50 ||    50
Dodge: Dodged            |    46 |    44 |   127 |   230 |   395 |    56 ||   898
Block: Buckler           |    13 |    45 |    77 |       |       |       ||   135
       Kite shield       |       |       |    35 |   401 |   933 |       ||  1369
       Tower shield      |       |       |       |       |   245 |   326 ||   571

Table legend: (Time is in decaauts)
 A = Elapsed time spent in this place.
 B = Non-inter-level travel time spent in this place.
 C = Inter-level travel time spent in this place.
 D = Time resting spent in this place.
 E = Time spent auto-exploring this place.
 F = Levels seen in this place.
 G = Mean time per level.
                   A        B        C        D        E       F      G
               +--------+--------+--------+--------+--------+-----+--------+
         Total |  34241 |  32262 |   1979 |  12198 |  15007 |  26 | 1317.0 |
       Dungeon |  19900 |  18706 |   1194 |   6191 |   9735 |  15 | 1326.7 |
        Temple |     16 |      2 |     14 |      0 |      0 |   1 |   16.0 |
          Lair |   9373 |   8775 |    598 |   4209 |   3268 |   5 | 1874.6 |
         Swamp |   1702 |   1645 |     57 |    491 |    712 |   2 |  851.0 |
  Orcish Mines |   3239 |   3125 |    114 |   1306 |   1291 |   2 | 1619.5 |
      Ice Cave |      8 |      8 |      0 |      0 |      0 |   1 |    8.0 |
               +--------+--------+--------+--------+--------+-----+--------+

Top non-repeatable levels by time:
  Lair:5: 3259 daAuts
    D:11: 2701 daAuts
   Orc:2: 2648 daAuts
    D:14: 2328 daAuts
     D:6: 1978 daAuts
     D:5: 1961 daAuts
  Lair:2: 1918 daAuts
  Lair:4: 1714 daAuts
     D:7: 1610 daAuts
 Swamp:1: 1576 daAuts
     D:3: 1337 daAuts
  Lair:1: 1316 daAuts
     D:8: 1255 daAuts
    D:13: 1217 daAuts
  Lair:3: 1166 daAuts
